 Dungeon Crawl Stone Soup version 0.27-a0-74-gebd156f8b4 (webtiles) character file.

Game seed: 378611484993964423

2981 thedisplayname the Fighter (level 9, -7/68 HPs)
             Began as a Demonspawn Fighter on Jan 11, 2021.
             Was a Believer of Hepliaklqana.
             Drowned by a water nymph (8 damage)
             ... on level 8 of the Dungeon.
             The game lasted 00:27:53 (10108 turns).

thedisplayname the Fighter (Demonspawn Fighter)    Turns: 10108, Time: 00:27:55

Health: -7/68      AC: 15    Str: 20    XL:     9   Next: 53%
Magic:  0/9        EV:  4    Int:  9    God:    Hepliaklqana [**....]
Gold:   302        SH: 10    Dex: 13    Spells: 8/8 levels left

rFire    + . .     SeeInvis +   a - +2 long sword
rCold    + . .     Faith    .   c - +0 kite shield
rNeg     . . .     Spirit   +   d - +0 plate armour
rPois    .         Reflect  .   (helmet unavailable)
rElec    .         Harm     .   (no cloak)
rCorr    .         Rampage  .   E - +1 pair of gloves
Will     .....                  (no boots)
Stlth    ..........             j - amulet of guardian spirit
HPRegen  0.21/turn              q - ring of protection from fire
MPRegen  0.11/turn              k - ring of stealth

@: very slow
A: reduced essence, antennae 3, cold resistance 1, freezing cloud immunity
a: Renounce Religion, Recall Ancestor, Ancestor Identity


You were on level 8 of the Dungeon.
You worshipped Hepliaklqana.
Hepliaklqana was pleased with you.
You visited 1 branch of the dungeon, and saw 8 of its levels.
You also visited: Ossuary.

You collected 302 gold pieces.

Inventory:

Hand Weapons
 a - a +2 long sword (weapon)
 o - a cursed +0 hand axe
Armour
 c - a +0 kite shield (worn)
 d - a +0 plate armour (worn)
 x - the +27 Lear's hauberk
   (You acquired it on level 6 of the Dungeon)
 D - a +2 hat
 E - a +1 pair of gloves (worn)
Jewellery
 h - an uncursed ring of attention
 j - an amulet of guardian spirit (around neck)
 k - a ring of stealth (right hand)
 q - a ring of protection from fire (left hand)
Wands
 f - a wand of random effects (22)
 B - a wand of polymorph (4)
Scrolls
 b - a scroll of vulnerability
 l - 8 scrolls of remove curse
 m - 3 scrolls of amnesia
 s - a scroll of blinking
 t - 2 scrolls of random uselessness
 u - 2 scrolls of magic mapping
 v - 4 scrolls of identify
 y - 2 scrolls of teleportation
 A - a scroll of enchant armour
 C - a scroll of enchant weapon
Potions
 e - a potion of resistance
 g - a potion of flight
 i - a potion of magic
 n - 3 potions of degeneration
 p - a potion of lignification
 r - a potion of brilliance
 w - 5 potions of curing
 z - a potion of attraction


   Skills:
 * Level 9.0 Fighting
 + Level 5.7 Long Blades
 + Level 6.0 Armour
 + Level 6.1 Shields


You had 8 spell levels left.
You didn't know any spells.
Your spell library was empty.

Dungeon Overview and Level Annotations

Branches:
Dungeon (8/15)             Temple (0/1) D:5         Ossuary (visited)
   Lair: D:8-11

Altars:
Ashenzari
Cheibriados
Elyvilon
Hepliaklqana
Kikubaaqudgha
Makhleb
Nemelex Xobeh
Sif Muna
Trog
Wu Jian
Xom
Zin
The Shining One

Shops:
D:8 ?

Annotations:
D:8 Grum


Innate Abilities, Weirdness & Mutations

You have a pair of large antennae on your head. (SInv)
Your flesh is cold resistant. (rC+)
You are immune to freezing clouds.
Your life essence is reduced to manifest your ancestor. (-10% HP)


Message History

The water nymph is lightly wounded.
The water nymph touches you. The water nymph drowns you!
* * * LOW HITPOINT WARNING * * *
Grum splashes around in the water.
Your unstable footing causes you to fumble your attack.
The water nymph touches you.
* * * LOW HITPOINT WARNING * * *
The water nymph drowns you!
* * * LOW HITPOINT WARNING * * *
Grum splashes around in the water.
Your unstable footing causes you to fumble your attack.
Grum hits you but does no damage. You block the water nymph's attack.
You hit the water nymph.
The water nymph is lightly wounded.
Grum hits you from afar with a -2 spear of freezing!
* * * LOW HITPOINT WARNING * * *
Grum freezes you.
* * * LOW HITPOINT WARNING * * *
The water nymph touches you. The water nymph drowns you!
You die...

##8# ..# .<# ...
#∩# { #Z# ## ##8#
.... #..# .....
#@## ...h..
#######m#####......
.....≈))ghh........
#########h.........
#.....#......######
.............##
..............#
..............###
.......).........


You could see Grum, a water nymph, a wolf and a bullfrog skeleton.

Vanquished Creatures
  Grinder (D:3)
  Sigmund (D:4)
  An orc warrior (D:6)
  2 phantoms
  An ogre (D:6)
  4 elf zombies
  4 bullfrogs
  A scorpion (D:7)
  A vampire bat (D:3)
  2 howler monkeys (D:8)
  A crimson imp (D:3)
  3 centaur zombies
  6 human zombies
  An orc priest (D:5)
  A hound (D:5)
  2 jellies (D:6)
  2 orc wizards
  A human skeleton (D:7)
  2 iguanas
  Natasha (thrice) (D:3)
  2 worker ants
  Terence (D:3)
  A hound zombie (D:7)
  2 hound skeletons (D:5)
  3 mummies (Ossuary)
  Robin (D:3)
  A gnoll (D:6)
  4 adders
  An adder zombie (D:6)
  2 adder skeletons
  5 worms
  A dart slug (D:1)
  3 fire bats (D:3)
  A leopard gecko (D:3)
  22 orcs
  2 spectral bats (D:3)
  2 ball pythons
  22 bats
  3 bat skeletons (D:3)
  2 bat zombies
  4 giant cockroaches
  13 goblins
  12 hobgoblins
  14 jackals
  3 quokkas
  A bat simulacrum (D:3)
  6 frilled lizards
  6 kobolds
  An orc skeleton (D:7)
  An orc zombie (D:7)
  A quokka skeleton (D:6)
  6 rats
189 creatures vanquished.

Vanquished Creatures (collateral kills)
  3 centaurs
  A hound (D:4)
  3 human zombies (Ossuary)
  2 orc wizards
  An iguana (D:7)
  2 gnolls (D:6)
  A white imp (D:5)
  2 orcs
  2 quokkas (D:5)
  A rat zombie (D:7)
18 creatures vanquished.

Vanquished Creatures (others)
  4 hexers
  An ancestor (D:6)
5 creatures vanquished.

Grand Total: 212 creatures vanquished

Notes
Turn   | Place    | Note
-------+----------+-------------------------------------------
     0 | D:1      | thedisplayname the Demonspawn Fighter began the quest for
                  | the Orb.
     0 | D:1      | Reached XP level 1. HP: 18/18 MP: 1/1
   138 | D:1      | Gained mutation: You have a pair of small antennae on your
                  | head. [demonic ancestry]
   138 | D:1      | Reached XP level 2. HP: 22/24 MP: 2/2
   515 | D:1      | Reached XP level 3. HP: 24/29 MP: 3/3
  1338 | D:2      | Gained mutation: Your flesh is cold resistant. (rC+)
                  | [demonic ancestry]
  1338 | D:2      | Reached XP level 4. HP: 15/37 MP: 4/4
  2227 | D:3      | Reached skill level 4 in Fighting
  2273 | D:3      | Noticed Robin
  2292 | D:3      | Killed Robin
  2600 | D:3      | Noticed Natasha
  2610 | D:3      | Killed Natasha
  2611 | D:3      | Reached XP level 5. HP: 41/43 MP: 3/5
  2800 | D:3      | Found a shimmering altar of Xom.
  2800 | D:3      | Found a burning altar of Makhleb.
  3098 | D:3      | Noticed Natasha
  3107 | D:3      | Killed Natasha
  3128 | D:3      | Noticed Terence
  3134 | D:3      | Killed Terence
  3142 | D:3      | Noticed Grinder
  3145 | D:3      | Paralysed by Grinder for 6 turns
  3162 | D:3      | Paralysed by Grinder for 3 turns
  3174 | D:3      | Killed Grinder
  3175 | D:3      | Reached skill level 5 in Fighting
  3175 | D:3      | Gained mutation: You are immune to freezing clouds.
                  | [demonic ancestry]
  3175 | D:3      | Reached XP level 6. HP: 34/51 MP: 3/6
  3310 | D:3      | Noticed Natasha
  3329 | D:3      | Killed Natasha
  3647 | D:3      | Reached XP level 7. HP: 56/56 MP: 7/7
  3804 | D:4      | Noticed Sigmund
  3817 | D:4      | Killed Sigmund
  3818 | D:4      | Reached skill level 6 in Fighting
  4201 | D:4      | Found a hazy altar of Hepliaklqana.
  4202 | D:4      | Found a snail-covered altar of Cheibriados.
  4244 | D:4      | Became a worshipper of Hepliaklqana the Forgotten
  4814 | D:4      | Found a broken altar of Ashenzari.
  4814 | D:4      | Found a glowing silver altar of Zin.
  4822 | D:4      | Found a sparkling altar of Nemelex Xobeh.
  4825 | D:4      | Found a shimmering blue altar of Sif Muna.
  4827 | D:4      | Found a glowing golden altar of the Shining One.
  4914 | D:5      | Entered Level 5 of the Dungeon
  4943 | D:5      | Gained mutation: You have a pair of antennae on your head.
                  | [demonic ancestry]
  4943 | D:5      | Reached XP level 8. HP: 18/58 MP: 3/8
  5205 | D:5      | Found a staircase to the Ecumenical Temple.
  5428 | D:5      | Reached * piety under Hepliaklqana
  5781 | D:5      | Found a white marble altar of Elyvilon.
  5904 | D:5      | Found an ornate altar of the Wu Jian Council.
  5957 | D:5      | Found a bloodstained altar of Trog.
  6059 | D:6      | Reached skill level 7 in Fighting
  6207 | D:6      | Reached skill level 5 in Shields
  6264 | D:6      | Reached skill level 5 in Armour
  6380 | D:6      | Found a glowing golden altar of the Shining One.
  7221 | D:6      | Reached ** piety under Hepliaklqana
  7222 | D:6      | Remembered your ancestor Goober as a hexer
  7427 | D:6      | Reached skill level 5 in Long Blades
  7592 | D:6      | Identified a scroll of acquirement
  7592 | D:6      | Acquired the +27 Lear's hauberk
  7593 | D:6      | Found the +27 Lear's hauberk
  7680 | D:7      | Reached skill level 8 in Fighting
  7707 | D:7      | Gained mutation: You have a pair of large antennae on your
                  | head. (SInv) [demonic ancestry]
  7707 | D:7      | Reached XP level 9. HP: 66/66 MP: 9/9
  7834 | D:7      | Found a sand-covered staircase.
  7839 | Ossuary  | Entered an ossuary
  7887 | Ossuary  | HP: 2/66 [human zombie (3)]
  8789 | Ossuary  | HP: 2/67 [mummy (6)]
  8806 | Ossuary  | HP: 2/67 [human zombie (4)]
  9762 | D:7      | Found an ancient bone altar of Kikubaaqudgha.
 10059 | D:8      | Found Zukaph's Magic Scroll Boutique.
 10092 | D:8      | Noticed a two-headed ogre
 10094 | D:8      | Noticed Grum
 10099 | D:8      | Noticed a water nymph
 10099 | D:8      | a two-headed ogre changed into a water nymph
 10104 | D:8      | Reached skill level 9 in Fighting
 10108 | D:8      | HP: 3/68 [Grum/-2 spear of freezing (8)]
 10108 | D:8      | HP: 1/68 [Grum/-2 spear of freezing (2)]
 10108 | D:8      | Drowned by a water nymph

Illustrated notes

Levels and vault maps discovered:
D:1:      lemuel_arrival_lava_pool, layout_loops_cross, minmay_cupped
D:2:      layout_rooms
D:3:      layout_basic, grunt_temple_overflow_champion_of_chaos, goddamned_bats,
          uniq_natasha, uniq_grinder, uniq_terence, uniq_robin
D:4:      layout_basic, gammafunk_temple_overflow_statue,
          chequers_temple_overflow_minitemple, uniq_sigmund
D:5:      layout_loops_corners, nicolae_overflow_crystal_walls,
          lightli_temple_of_fire, elyvilon_altar_5, minmay_temple_entry_glass,
          serial_glass, glass_columns_a, glass_columns_a
D:6:      layout_gridville, basic_altar
D:7:      layout_rooms, lemuel_zombie_altar_kikubaaqudgha,
          nicolae_ossuary_entry_catacombs
D:8:      layout_rooms, serial_shops, nicolae_shop_statue_plus, shop,
          shop_fountains, shop_statue, shop, uniq_grum

Skill      XL: |  1  2  3  4  5  6  7  8  9 |
---------------+----------------------------+-----
Long Blades    | 2 3 4 5 |  5.7
Shields        | 3 4 5 6 |  6.1
Armour         | 3 4 5 6 |  6.0
Fighting       | 4 5 6 8 9 |  9.0

Action                   |  1- 3 |  4- 6 |  7- 9 || total
-------------------------+-------+-------+-------++-------
Melee: Long sword        |   128 |   176 |   455 ||   759
Invok: Ancestor Identity |       |       |     1 ||     1
       Ancestor Life: He |       |       |     1 ||     1
Evoke: Wand              |       |       |     5 ||     5
  Use: Potion            |     7 |     3 |     7 ||    17
       Scroll            |     6 |     4 |    10 ||    20
 Stab: Invisible         |     1 |       |       ||     1
       Distracted        |       |       |     1 ||     1
       Confused          |       |       |     1 ||     1
Armor: Scale mail        |    71 |   170 |   150 ||   391
       Chain mail        |       |       |     6 ||     6
       Plate armour      |       |       |    73 ||    73
Dodge: Dodged            |    39 |    87 |   132 ||   258
Block: Kite shield       |    61 |   130 |   256 ||   447
       Rpst.: Long sword |    15 |    29 |    42 ||    86

Table legend: (Time is in decaauts)
 A = Elapsed time spent in this place.
 B = Non-inter-level travel time spent in this place.
 C = Inter-level travel time spent in this place.
 D = Time resting spent in this place.
 E = Time spent auto-exploring this place.
 F = Levels seen in this place.
 G = Mean time per level.
                   A        B        C        D        E       F      G
               +--------+--------+--------+--------+--------+-----+--------+
         Total |  10325 |   9905 |    420 |   2951 |   4500 |   9 | 1147.2 |
       Dungeon |   8841 |   8421 |    420 |   1761 |   4500 |   8 | 1105.1 |
       Ossuary |   1484 |   1484 |      0 |   1190 |      0 |   1 | 1484.0 |
               +--------+--------+--------+--------+--------+-----+--------+

Top non-repeatable levels by time:
     D:6: 1815 daAuts
     D:3: 1793 daAuts
 Ossuary: 1484 daAuts
     D:1: 1269 daAuts
     D:5: 1156 daAuts
     D:4: 1129 daAuts
     D:2: 856 daAuts
     D:7: 692 daAuts
     D:8: 128 daAuts
